 Dungeon Crawl Stone Soup version 0.20.1 (console) character file.

407 bli the Skirmisher (level 6, -9/56 HPs)
             Began as a Draconian Wanderer on July 2, 2017.
             Was an Initiate of Uskayaw.
             Killed by nerve-wracking pain
             ... invoked by an orc priest
              (14 damage)
             ... on level 4 of the Dungeon.
             The game lasted 00:14:55 (2941 turns).

bli the Skirmisher (Draconian Wanderer)             Turns: 2941, Time: 00:14:56

Health: -9/56      AC:  8    Str: 14    XL:     6   Next: 57%
Magic:  3/6        EV: 13    Int:  9    God:    Uskayaw [......]
Gold:   250        SH:  0    Dex: 16    Spells: 5/5 levels left

rFire    . . .     SeeInvis .   a - +0 quarterstaff
rCold    . . .     Gourm    .   (shield currently unavailable)
rNeg     . . .     Faith    .   (armour unavailable)
rPois    .         Spirit   .   (helmet restricted)
rElec    .         Reflect  .   (no cloak)
rCorr    .         Harm     .   s - +1 pair of gloves
MR       .....                  (no boots)
Stlth    ++........             (no amulet)
Regen    0.2/turn               (no ring)
MPRegen  0.1/turn               (no ring)

@: drained
A: unfitting armour, cold-blooded, AC +6
a: Renounce Religion


You were on level 4 of the Dungeon.
You worshipped Uskayaw.
Uskayaw was noncommittal.
You were not hungry.

You visited 1 branch of the dungeon, and saw 4 of its levels.

You collected 250 gold pieces.

Inventory:

Hand Weapons
 a - a +0 quarterstaff (weapon)
 b - a +2 blowgun
 w - a +1 dagger of speed
 C - a +0 trident
Missiles
 c - 2 curare-tipped needles
 e - 140 stones (quivered)
 l - 12 poisoned needles
Armour
 s - a +1 pair of gloves (worn)
Wands
 y - a wand of disintegration (10/24)
Scrolls
 d - 5 scrolls of teleportation
 g - a scroll of fog {unknown}
 h - a scroll of blinking {unknown}
 k - a scroll of amnesia {unknown}
 m - 2 scrolls of enchant weapon {unknown}
 p - 5 scrolls of identify {unknown}
 r - a scroll of enchant armour {unknown}
 u - 2 scrolls of fear {unknown}
 v - 4 scrolls of recharging {unknown}
 B - a scroll of random uselessness {unknown}
 E - a scroll of remove curse {unknown}
Potions
 j - 2 potions of magic {unknown}
 n - a potion of haste {unknown}
 q - a potion of might {unknown}
 t - a potion of resistance {unknown}
 A - a potion of heal wounds {unknown}
 D - a potion of curing {unknown}
Comestibles
 f - 4 bread rations
 i - 3 meat rations
 o - 2 royal jellies
 x - 3 fruits
 z - 6 chunks of flesh


   Skills:
 * Level 5.3(5.0) Fighting
   Level 2.0(3.1) Maces & Flails
 + Level 4.4(4.3) Staves
 - Level 1.7(1.5) Throwing
 * Level 3.1(2.9) Dodging
 + Level 1.0(0.7) Stealth
 * Level 1.0(0.8) Invocations


You had 5 spell levels left.
You didn't know any spells.

Dungeon Overview and Level Annotations

Branches:
Dungeon (4/15)
 Temple: D:4-7

Altars:
Dithmenos
Kikubaaqudgha
Trog
Uskayaw


Innate Abilities, Weirdness & Mutations

Your plain brown scales are hard. (AC +6)
You cannot fit into any form of body armour.
You are cold-blooded and may be slowed by cold attacks.


Message History

* * * LOW HITPOINT WARNING * * *
You stomp with the beat, sending a shockwave through the revelers around you!
The orc is almost dead.
You feel somewhat more hungry.
You can no longer stomp with the beat.
The orc completely misses you.
You hit the orc.
You kill the orc!
The orc priest looks braver for a moment.
The orc wizard gestures wildly while chanting.
The orc wizard flickers and vanishes!
Deactivating autopickup; reactivate with Ctrl-A.
Evoke which item? (* to show all) (? for menu, Esc to quit)
Aiming: Disintegrate (will waste charges)
Press: ? - help, Shift-Dir - straight line The orc priest is blasted.
Evoking this partially-identified wand wasted a few charges.
The orc priest calls down the wrath of Beogh upon you.
Pain shoots through your body!
You die...

.............#...## #
...........###.... .#
..........## #..# ...
.........## ##..###...
.........# ##.........
.........###.....#########
.............##.##.).....##
.....^.#...####{#.8#####8.#
......##..## #o#.##...##.#
......###.# ##)#.#.8.8.#.#
.....## #.# #..@.#..>....#
....## #.# ##..#.#.8.8.#.#
....# ..# #...#.##...##.#
...## ..###...#.8#####8.#
..## ..##....##.......##
.## #.....######### .#
##............# .#
#####.#...#### ## #.####.#
# #.# #.# # ### ###


You could see an orc priest.

Vanquished Creatures
  A scorpion (D:3)
  2 hounds (D:4)
  An iguana (D:4)
  3 worker ants (D:4)
  Robin (D:2)
  5 gnolls
  5 adders
  An ooze (D:1)
  2 worms
  3 dart slugs
  2 leopard geckos
  6 orcs
  6 bats
  7 giant cockroaches
  11 goblins
  14 hobgoblins
  2 jackals (D:2)
  4 kobolds
  A quokka (D:4)
  2 ball pythons
  2 frilled lizards
  5 rats (D:1)
86 creatures vanquished.

Notes
Turn   | Place    | Note
-------+----------+-------------------------------------------
     0 | D:1      | bli the Draconian Wanderer began the quest for the Orb.
     0 | D:1      | bli set off with: 2 curare-tipped needles, a +2 blowgun, a +0 quarterstaff, a scroll of teleportation, a bread ration
     0 | D:1      | Reached XP level 1. HP: 19/19 MP: 1/1
    69 | D:1      | Reached XP level 2. HP: 20/27 MP: 2/2
   256 | D:1      | Reached skill level 4 in Fighting
   552 | D:1      | Reached XP level 3. HP: 30/33 MP: 3/3
   833 | D:2      | Noticed Robin
   879 | D:2      | Killed Robin
   879 | D:2      | Reached XP level 4. HP: 12/41 MP: 4/4
  1495 | D:2      | Found an ancient bone altar of Kikubaaqudgha.
  1766 | D:3      | Found a hide-covered altar of Uskayaw.
  1809 | D:3      | Became a worshipper of Uskayaw the Reveler
  1886 | D:3      | Reached * piety under Uskayaw
  1889 | D:3      | Reached XP level 5. HP: 47/47 MP: 5/5
  2103 | D:3      | Reached skill level 5 in Fighting
  2198 | D:4      | Reached ** piety under Uskayaw
  2222 | D:4      | Found a shadowy altar of Dithmenos.
  2553 | D:4      | Found a bloodstained altar of Trog.
  2609 | D:4      | Reached *** piety under Uskayaw
  2614 | D:4      | Reached XP level 6. HP: 20/56 MP: 6/6
  2614 | D:4      | Reached **** piety under Uskayaw
  2836 | D:4      | Reached skill level 1 in Invocations
  2911 | D:4      | Reached skill level 1 in Stealth
  2941 | D:4      | Killed from afar by an orc priest

Skill      XL: |  1  2  3  4  5  6 |
---------------+-------------------+-----
Fighting       | 4 5 |  5.3
Dodging        | 2 3 |  3.1
Staves         | 3 4 |  4.4
Invocations    | 1 |  1.0
Stealth        | 1 |  1.0
Maces & Flails | |  2.0
Throwing       | |  1.7

Action                   |  1- 3 |  4- 6 || total
-------------------------+-------+-------++-------
Melee: Quarterstaff      |    99 |   173 ||   272
       Tailslap          |     9 |    27 ||    36
 Fire: Blowgun           |       |     1 ||     1
Invok: Stomp             |       |     1 ||     1
Evoke: Wand              |       |     1 ||     1
 Stab: Sleeping          |     1 |     2 ||     3
       Paralysed         |       |     1 ||     1
  Eat: Chunk             |       |     7 ||     7
Armor: Skin              |    33 |    66 ||    99
Dodge: Dodged            |    55 |   119 ||   174
